 Dungeon Crawl Stone Soup version 0.18.1-48-g4cf74bf (webtiles) character file.

5864 nikopol the Protected (level 10, -3/93 HPs)
             Began as a Minotaur Berserker on July 13, 2016.
             Was a High Priest of Trog.
             Slain by a warg (7 damage)
             ... on level 9 of the Dungeon.
             The game lasted 00:24:46 (7151 turns).

nikopol the Protected (Minotaur Berserker)          Turns: 7151, Time: 00:24:47

Health: -3/93      AC:  8    Str: 23    XL:     10   Next: 52%
Magic:  9/9        EV: 15    Int:  4    God:    Trog [*****.]
Gold:   511        SH:  0    Dex: 12    Spells: 0 memorised, 9 levels left

rFire  + . .     SeeInvis .     a - +1 spear
rCold  . . .     Gourm    .     h - +0 ring mail
rNeg   . . .     Faith    .     (no shield)
rPois  .         Spirit   .     (helmet restricted)
rElec  .         Dismiss  .     (no cloak)
rCorr  .         Reflect  .     (no gloves)
SustAt .         Harm     .     L - +0 pair of boots
MR     +....                    (no amulet)
Stlth  +.........               n - ring of protection from fire
                                m - ring of protection from magic

@: lethally poisoned (-3 -> -3), exhausted, slowed, very slow, somewhat
resistant to hostile enchantments, very unstealthy
A: retaliatory headbutt, horns 2
a: Berserk, Trog's Hand, Brothers in Arms, Burn Spellbooks, Renounce Religion


You were on level 9 of the Dungeon.
You worshipped Trog.
Trog was extremely pleased with you.
You were near starving.

You visited 1 branch of the dungeon, and saw 9 of its levels.

You collected 511 gold pieces.

Inventory:

Hand Weapons
 a - a +1 spear (weapon)
 C - a +0 trident
 D - a +0 halberd
Missiles
 q - 94 arrows (quivered)
Armour
 b - a +0 animal skin
 e - a +0 leather armour
 h - a +0 ring mail (worn)
 L - a +0 pair of boots (worn)
Jewellery
 m - a ring of protection from magic (left hand)
 n - a ring of protection from fire (right hand)
Wands
 x - a wand of random effects (20/48)
 B - a wand of paralysis (9/24)
 I - a wand of flame (26/48)
 J - a wand of flame (36/48)
 K - a wand of flame (35/48)
Scrolls
 f - 5 scrolls of identify
 j - 2 scrolls of fog {unknown}
 o - 4 scrolls of teleportation {unknown}
 p - a scroll of fear {unknown}
 s - a scroll of recharging {unknown}
 v - a scroll of random uselessness {unknown}
 w - a scroll of noise {unknown}
 y - 2 scrolls of magic mapping {unknown}
 E - 3 scrolls of remove curse
 F - a scroll of amnesia {unknown}
 H - a scroll of torment {unknown}
 N - 2 scrolls of enchant weapon
Potions
 d - 6 potions of curing
 g - a potion of mutation {unknown}
 i - a potion of degeneration {unknown}
 r - 2 potions of lignification {unknown}
 u - 3 potions of magic {unknown}
 z - a potion of ambrosia {unknown}
 A - a potion of cure mutation {unknown}
 G - 2 potions of haste {unknown}
 O - a potion of heal wounds {unknown}
 P - 3 potions of agility {unknown}
 Q - a potion of berserk rage {unknown}
Comestibles
 c - 7 bread rations
 k - 8 meat rations
 l - 3 beef jerkies
 t - 2 slices of pizza


   Skills:
 + Level 10.1 Fighting
 + Level 10.0 Polearms
 + Level 10.2 Armour
 + Level 8.8 Dodging


You had 9 spell levels left.
You didn't know any spells.

Dungeon Overview and Level Annotations

Branches:
Dungeon (9/15)             Temple (0/1) D:5
   Lair: D:8-11         Orc: D:9-12

Altars:
Ashenzari
Cheibriados
Dithmenos
Elyvilon
Makhleb
Nemelex Xobeh
Pakellas
Qazlal
Ru
Sif Muna
Vehumet
Xom
Yredelemnul

Shops:
D:6 (


Innate Abilities, Weirdness & Mutations

You reflexively headbutt those who attack you in melee.
You have a pair of horns on your head.


Message History

You kill the killer bee!
Trog accepts your kill.
You feel sick. The warg barely misses you. You furiously retaliate!
You headbutt the warg. You hit the warg.
The warg is moderately wounded.
The warg bites you!
* * * LOW HITPOINT WARNING * * *
You closely miss the warg. Your headbutt misses the warg.
The warg is moderately wounded.
You feel sick. The warg barely misses you. You furiously retaliate!
You headbutt the warg, but do no damage.
You puncture the warg! You headbutt the warg!
The warg is severely wounded.
The warg misses you.
Your troll goes berserk!
You feel somewhat more hungry. The warg completely misses you.
The warg barely misses you.
You feel sick. The warg bites you!
You die...

##.# ##.## ..### #..# #)..#
#.## #†..# #.# #..## ##.#
##%.# #..# ### ##.# #.##
#.####..# ##.# #.T@hg.##
#..# ##.##### #.## #.# #.#
#####'## #.# #......###
#####'#####
######......'.####.........#
#...[+......#....#.........#
#.####......####.'.....>...#
.. #......# ###.........#


You could see a warg, a hobgoblin and a friendly troll (berserk).

Vanquished Creatures
  The ghost of inmateoo the Ruffian, a novice TrAM of Okawaru (D:7)
  Grinder (D:3)
  Prince Ribbit (D:7)
  2 trolls (D:9)
  The ghost of TBriggs11TB the Skirmisher, an amateur GrFi (D:4)
  Sigmund (D:3)
  A hippogriff (D:8)
  Edmund (D:6)
  The ghost of inmateoo the Ruffian, an amateur GrAM (D:3)
  A water moccasin (D:6)
  Duvessa (D:4)
  2 orc warriors
  2 black bears (D:7)
  A phantom (D:7)
  3 sky beasts
  A necrophage (D:8)
  5 ogres
  A crocodile (D:8)
  3 big kobolds
  A giant frog (D:8)
  A gnoll sergeant (D:8)
  Dowan (D:4)
  A scorpion (D:9)
  10 killer bees (D:9)
  3 howler monkeys
  5 crimson imps
  2 giant frog zombies
  A quasit (D:7)
  3 orc priests
  2 hounds
  A jelly (D:4)
  2 orc wizards
  3 giant frog skeletons
  Jessica (D:3)
  A centaur skeleton (D:7)
  An iguana (D:8)
  Natasha (thrice) (D:3)
  Ijyb (D:2)
  6 worker ants
  2 hound skeletons
  3 worker ant zombies
  Robin (D:2)
  14 gnolls
  10 adders
  A shadow imp (D:8)
  An ooze (D:1)
  2 worms
  5 giant geckos
  17 orcs
  8 bats
  7 giant cockroaches
  23 goblins
  6 hobgoblins
  8 jackals
  3 quokkas
  2 ball pythons
  2 giant newts
  20 kobolds
  9 rats
223 creatures vanquished.

Notes
Turn   | Place    | Note
--------------------------------------------------------------
     0 | D:1      | nikopol the Minotaur Berserker began the quest for the Orb.
     0 | D:1      | Reached XP level 1. HP: 19/19 MP: 0/0
   149 | D:1      | Reached XP level 2. HP: 25/27 MP: 1/1
   517 | D:1      | Reached ** piety under Trog
   828 | D:1      | Reached XP level 3. HP: 33/33 MP: 2/2
   894 | D:2      | Noticed Robin
   912 | D:2      | Killed Robin
  1266 | D:2      | Reached XP level 4. HP: 40/40 MP: 3/3
  1413 | D:2      | Noticed Ijyb
  1420 | D:2      | Killed Ijyb
  1621 | D:2      | Reached *** piety under Trog
  1826 | D:3      | Noticed Sigmund
  1830 | D:3      | Noticed Natasha
  1836 | D:3      | Killed Sigmund
  1836 | D:3      | Reached skill level 5 in Fighting
  1836 | D:3      | Reached skill level 5 in Polearms
  1836 | D:3      | Reached XP level 5. HP: 42/48 MP: 4/4
  1836 | D:3      | Reached XP level 6. HP: 49/56 MP: 5/5
  1841 | D:3      | Killed Natasha
  2011 | D:3      | Noticed Natasha
  2022 | D:3      | Killed Natasha
  2043 | D:3      | Noticed Grinder
  2071 | D:3      | Killed Grinder
  2071 | D:3      | Reached skill level 5 in Armour
  2071 | D:3      | Reached XP level 7. HP: 50/61 MP: 6/6
  2244 | D:3      | Noticed inmateoo's ghost (amateur GrAM)
  2260 | D:3      | Killed inmateoo's ghost
  2290 | D:3      | Noticed Natasha
  2294 | D:3      | Killed Natasha
  2336 | D:3      | Noticed Jessica
  2341 | D:3      | Killed Jessica
  2544 | D:4      | Noticed Dowan
  2545 | D:4      | Noticed Duvessa
  2561 | D:4      | Killed Dowan
  2569 | D:4      | Killed Duvessa
  2569 | D:4      | Reached skill level 5 in Dodging
  2762 | D:4      | Found a basalt altar of Yredelemnul.
  2919 | D:4      | Reached XP level 8. HP: 57/71 MP: 7/7
  3008 | D:4      | Found a white marble altar of Elyvilon.
  3147 | D:4      | Found a shadowy altar of Dithmenos.
  3147 | D:4      | Noticed TBriggs11TB's ghost (amateur GrFi)
  3148 | D:4      | Found a snail-covered altar of Cheibriados.
  3155 | D:4      | Killed TBriggs11TB's ghost
  3176 | D:5      | Entered Level 5 of the Dungeon
  3323 | D:5      | Found a sacrificial altar of Ru.
  3325 | D:5      | Reached **** piety under Trog
  3482 | D:5      | Found a stormy altar of Qazlal.
  3483 | D:5      | Noticed an air elemental
  3759 | D:5      | Found a staircase to the Ecumenical Temple.
  3899 | D:6      | Found a sparkling altar of Nemelex Xobeh.
  3902 | D:6      | Found Jacyo's Weapon Emporium.
  4019 | D:6      | Found an oddly glowing altar of Pakellas.
  4085 | D:6      | Reached XP level 9. HP: 49/80 MP: 8/8
  4325 | D:6      | Found a deep blue altar of Sif Muna.
  4492 | D:6      | Noticed Edmund
  4500 | D:6      | Killed Edmund
  4600 | D:7      | Found a radiant altar of Vehumet.
  4655 | D:7      | Noticed Prince Ribbit
  4679 | D:7      | Killed Prince Ribbit
  4867 | D:7      | Noticed inmateoo's ghost (novice TrAM)
  4881 | D:7      | Killed inmateoo's ghost
  5379 | D:7      | Found a burning altar of Makhleb.
  5409 | D:8      | Found a shimmering altar of Xom.
  5469 | D:8      | Reached XP level 10. HP: 36/91 MP: 9/9
  5960 | D:8      | Got a bloodstained halberd
  5976 | D:8      | Reached ***** piety under Trog
  5979 | D:8      | Lost intelligence.
  5979 | D:8      | Identified the +4 halberd of Disharmony {chop, *Confuse MR+++ Str+3 Int-4} (You found it on level 8 of the Dungeon)
  6311 | D:8      | Found a shattered altar of Ashenzari.
  6753 | D:9      | Reached skill level 10 in Polearms
  7112 | D:9      | Reached skill level 10 in Fighting
  7112 | D:9      | Reached skill level 10 in Armour
  7148 | D:9      | HP: 4/93 [poisoned by a killer bee]
  7151 | D:9      | Slain by a warg

Skill      XL: |  1  2  3  4  5  6  7  8  9 10 |
---------------+-------------------------------+-----
Polearms       | 4 5 6 7 9 10 | 10.0
Fighting       | 4 5 6 7 9 10 | 10.1
Armour         | 3 4 5 6 7 9 10 | 10.2
Dodging        | 3 4 5 6 7 8 |  8.8

Action                   |  1- 3 |  4- 6 |  7- 9 | 10-12 || total
-------------------------+-------+-------+-------+-------++-------
Melee: Spear             |    89 |    81 |   442 |   241 ||   853
       Headbutt          |    12 |     9 |    87 |    48 ||   156
Invok: Berserk           |     1 |     2 |     7 |     2 ||    12
       Burn Spellbooks   |       |       |       |     1 ||     1
       Brothers in Arms  |       |       |       |     1 ||     1
  Use: Scroll            |       |     4 |       |       ||     4
 Stab: Sleeping          |     1 |       |       |       ||     1
  Eat: Chunk             |     2 |     5 |    17 |     7 ||    31
Armor: Animal skin       |     3 |       |       |       ||     3
       Leather armour    |     6 |       |       |       ||     6
       Ring mail         |     8 |    14 |    71 |    45 ||   138
Dodge: Dodged            |    40 |    24 |   170 |   155 ||   389
